Map: Tokamak LE

Players

ManlyManMeat - Winner!

  • Race: Zerg Zerg
  • League: Platinum
  • Spawn Location: 1:00

Trinity

  • Race: Terran Terran
  • League: Platinum
  • Spawn Location: 7:00

VOD

Have the link to the VOD?

Description

Time

  • Played on: June 20, 2025, 6:55 p.m.
  • Length: 29:12
Show
View Real Time Build Order
Export as new Build Order

ManlyManMeat Zerg - Winner!

Build Orders: Hatch First 

Get SALT Encoding   

  12  0:00  Drone  
  13  0:12  Overlord  
  13  0:19  Drone  
  14  0:31  Drone x2  
  16  0:37  Drone  
  17  0:51  Hatchery  
  17  0:54  Drone  
  17  0:57  Drone  
  18  1:10  Extractor  
  17  1:12  Spawning Pool  
  17  1:15  Drone  
  17  1:19  Drone  
  18  1:36  Drone  
  19  1:47  Drone  
  20  2:01  Queen  
  20  2:03  Queen  
  20  2:04  Zergling x4  
  20  2:05  Zergling x2  
  27  2:18  Spine Crawler  
  27  2:21  Spine Crawler  
  25  2:27  Zergling x6  
  28  2:32  Spine Crawler  
  26  2:47  Zergling x6  
  24  3:02  Zergling x8  
  27  3:13  Drone  
  26  3:30  Drone x2  
  28  3:54  Overlord x3  
  28  4:27  Drone x2  
  28  4:28  Drone x4  
  32  4:48  Drone  
  31  4:54  Queen x2  
  31  4:59  Hatchery  
  34  5:00  Drone, Hatchery  
  34  5:01  Drone  
  35  5:47  Hatchery  
  34  5:51  Drone x4  
  34  5:52  Drone x2  
  34  5:55  Extractor  
  39  5:58  Drone x5  
  44  6:05  Overlord  
  44  6:11  Queen  
  44  6:13  Queen  
  48  6:28  Spore Crawler  
  48  6:29  Spore Crawler  
  46  6:35  Baneling Nest  
  45  6:46  Zergling x34  
  60  7:04  Queen  
  62  7:10  Drone x3  
  62  7:11  Drone x3  
  66  7:34  Metabolic Boost  
  66  7:35  Lair  
  66  7:37  Overlord x3  
  66  7:39  Hatchery, Baneling x5  
  66  7:40  Baneling x3  
  65  7:57  Zergling x26  
  63  8:36  Zergling x24  
  63  8:37  Zergling x20  
  83  8:55  Drone x9  
  89  9:17  Zergling x10, Overlord x3  
  87  9:36  Baneling x15  
  82  9:39  Centrifugal Hooks  
  82  9:44  Drone x2  
  82  9:45  Evolution Chamber  
  83  9:46  Evolution Chamber  
  83  9:50  Drone x2  
  83  9:52  Zergling x16  
  68  10:20  Drone x4  
  69  10:30  Zerg Melee Weapons Level 1, Zerg Ground Armor Level 1  
  69  10:32  Infestation Pit  
  68  10:47  Zergling x12  
  68  10:48  Zergling x12  
  68  10:49  Zergling x4  
  82  10:58  Hatchery  
  81  11:07  Hatchery  
  81  11:08  Hive  
  80  11:14  Extractor x2  
  80  11:15  Drone x2  
  80  11:16  Drone x3  
  80  11:17  Extractor x2  
  75  11:32  Spire  
  72  11:43  Drone  
  72  11:44  Drone x2  
  75  11:47  Baneling x6  
  75  12:00  Spore Crawler x2  
  73  12:01  Spore Crawler  
  73  12:02  Spore Crawler x2  
  73  12:05  Spore Crawler  
  73  12:06  Spore Crawler x2  
  73  12:07  Spore Crawler x2  
  65  12:08  Drone  
  65  12:09  Drone x3, Spore Crawler  
  65  12:10  Drone  
  65  12:11  Drone x5  
  65  12:12  Drone  
  65  12:13  Drone x3  
  78  12:35  Spore Crawler  
  78  12:37  Drone x3, Spore Crawler  
  79  12:38  Drone x2  
  81  12:47  Corruptor x2  
  81  12:49  Zerg Flyer Armor Level 1  
  85  12:56  Extractor x2  
  85  12:57  Drone  
  84  12:58  Extractor  
  84  12:59  Drone x5  
  84  13:02  Baneling  
  84  13:03  Baneling x3  
  87  13:19  Corruptor x3  
  93  13:28  Drone x3  
  96  13:46  Corruptor x5  
  106  13:56  Overlord x4  
  106  13:59  Overseer  
  106  14:00  Overseer  
  106  14:01  Overseer  
  105  14:16  Corruptor x3  
  111  14:25  Ultralisk Cavern  
  110  14:31  Corruptor x4  
  110  14:33  Drone  
  110  14:34  Drone  
  120  14:39  Drone x5  
  120  14:40  Drone x2  
  120  14:43  Drone x2, Zerg Flyer Weapons Level 1  
  129  14:46  Extractor  
  128  14:58  Spore Crawler  
  128  14:59  Drone, Spore Crawler  
  128  15:00  Drone x3, Spore Crawler  
  128  15:02  Corruptor x2  
  133  15:18  Ultralisk x2  
  134  15:36  Ultralisk x2  
  146  16:01  Ultralisk  
  148  16:25  Corruptor  
  148  16:26  Corruptor x4  
  143  16:41  Corruptor  
  143  16:42  Corruptor x5  
  143  16:44  Overlord x3  
  155  17:02  Corruptor x3  
  155  17:06  Hatchery  
  155  17:19  Ultralisk  
  155  17:21  Hatchery  
  152  17:29  Corruptor, Zerg Flyer Weapons Level 2  
  130  17:41  Overseer  
  130  17:52  Ultralisk  
  130  17:53  Ultralisk, Hatchery  
  141  18:04  Hatchery  
  140  18:15  Hatchery  
  140  18:17  Ultralisk x2  
  151  18:40  Ultralisk x2  
  163  18:50  Drone x2  
  165  19:01  Ultralisk  
  165  19:02  Ultralisk  
  164  19:51  Ultralisk x5  
  176  20:19  Ultralisk x2  
  188  20:28  Drone x3  
  191  20:31  Drone  
  191  20:32  Drone x2  
  186  21:01  Extractor  
  151  21:06  Extractor  
  151  21:09  Extractor  
  125  21:25  Corruptor x13  
  133  21:37  Drone x2  
  133  21:38  Drone  
  134  22:02  Ultralisk x3  
  134  22:03  Zergling x16  
  134  22:04  Zergling x24  
  134  22:07  Overlord  
  134  22:08  Overlord x6  
  172  22:13  Extractor  
  172  22:15  Extractor  
  170  22:16  Extractor  
  169  22:24  Zergling x6  
  172  22:38  Overseer x2  
  172  22:44  Ultralisk x4  
  196  23:10  Zerg Flyer Weapons Level 3  
  154  23:37  Ultralisk  
  154  23:38  Zergling x2, Ultralisk x5  
  154  23:39  Zergling x4  
  153  23:59  Ultralisk  
  152  24:22  Corruptor x5  
  158  24:36  Corruptor x2  
  162  24:43  Drone x2  
  158  24:51  Drone x2  
  152  25:09  Corruptor  
  152  25:10  Corruptor x5  
  152  25:21  Corruptor x2  
  152  25:26  Drone  
  156  25:44  Corruptor x5  
  166  26:00  Corruptor x3  
  172  26:18  Drone x3  
  175  26:30  Corruptor x5  
  185  26:37  Drone  
  185  26:38  Drone x2  
  188  26:46  Corruptor  
  188  26:47  Corruptor x3  
  194  26:55  Zergling x10  
  178  27:23  Corruptor x9  
  196  27:39  Corruptor x2  
  200  28:04  Overlord x5  
  200  28:09  Pneumatized Carapace  
  195  28:37  Corruptor x7  
Show
View Real Time Build Order
Export as new Build Order

Trinity Terran 

Build Orders:  

Get SALT Encoding   

  12  0:00  SCV  
  13  0:12  SCV  
  14  0:19  Supply Depot  
  14  0:30  SCV  
  15  0:42  SCV  
  16  0:54  SCV  
  17  1:00  Barracks  
  17  1:02  Barracks  
  17  1:09  SCV  
  18  1:16  Supply Depot  
  18  1:20  Supply Depot  
  18  1:21  SCV  
  19  1:48  SCV  
  19  1:50  Marine x2  
  22  2:06  Bunker  
  22  2:07  Bunker  
  22  2:08  Bunker, Marine x2  
  24  2:26  Marine x2  
  26  2:31  Orbital Command  
  26  2:34  Refinery  
  26  2:44  Marine x2  
  26  3:09  Marine x2  
  28  3:27  Marine x2  
  22  3:50  Marine x2  
  23  4:04  Refinery  
  23  4:05  SCV  
  23  4:06  Command Center  
  23  4:08  Marine x2  
  26  4:18  SCV  
  27  4:26  Marine x2  
  27  4:30  SCV  
  30  4:42  SCV  
  30  4:54  SCV  
  31  5:06  SCV  
  32  5:08  Engineering Bay  
  32  5:16  Marine x2  
  32  5:18  SCV  
  35  5:30  SCV  
  35  5:33  Marine  
  35  5:34  Marine  
  34  5:51  Marine x2  
  34  5:53  SCV  
  37  6:05  SCV  
  37  6:07  Bunker  
  37  6:09  Marine x2  
  40  6:14  Planetary Fortress  
  40  6:17  SCV  
  41  6:23  Neosteel Armor, Factory  
  41  6:27  Marine x2  
  41  6:29  Refinery, SCV  
  41  6:30  Refinery  
  44  6:35  Command Center  
  44  6:41  SCV  
  44  6:53  SCV  
  45  7:05  SCV x2  
  47  7:08  Factory Tech Lab  
  47  7:12  Starport  
  43  7:17  SCV x2  
  43  7:18  Marine x2  
  42  7:29  SCV x2  
  44  7:36  Marine x2  
  44  7:41  SCV  
  45  7:47  SCV  
  46  7:52  Starport Tech Lab  
  46  7:53  SCV  
  47  7:58  Fusion Core, Armory  
  47  7:59  SCV  
  47  8:00  Missile Turret  
  47  8:04  Hi-Sec Auto Tracking  
  47  8:05  SCV  
  49  8:10  Marine  
  49  8:11  Marine  
  49  8:12  SCV  
  52  8:17  SCV  
  53  8:28  Marine x2  
  53  8:29  SCV  
  43  8:41  SCV  
  43  8:46  Marine x2  
  42  8:48  Planetary Fortress  
  42  8:53  SCV  
  43  8:56  SCV  
  43  8:58  Terran Ship Weapons Level 1  
  43  8:59  Weapon Refit  
  43  9:01  Battlecruiser  
  50  9:04  Marine x2  
  50  9:05  SCV  
  50  9:08  SCV  
  49  9:18  SCV  
  49  9:20  SCV  
  49  9:22  Marine x2  
  53  9:30  SCV, Widow Mine  
  56  9:32  SCV  
  56  9:36  Command Center  
  57  9:38  SCV  
  57  9:39  Starport  
  57  9:40  Marine x2  
  57  9:42  SCV  
  61  9:50  SCV  
  62  9:54  SCV  
  62  10:03  Marine x2, SCV  
  62  10:06  SCV  
  52  10:15  SCV  
  52  10:18  SCV  
  52  10:20  SCV  
  45  10:23  Starport Tech Lab  
  45  10:27  SCV  
  44  10:30  SCV  
  44  10:35  Supply Depot  
  45  10:47  Battlecruiser, SCV x2  
  45  10:48  SCV  
  54  10:51  Supply Depot x2  
  54  10:59  SCV x2  
  54  11:00  SCV  
  57  11:09  Supply Depot  
  57  11:10  Supply Depot  
  57  11:11  SCV x2  
  57  11:12  SCV  
  60  11:24  SCV  
  61  11:36  SCV, Battlecruiser  
  68  11:43  SCV  
  68  11:45  Terran Ship Weapons Level 2  
  68  11:55  SCV  
  68  11:56  SCV  
  68  11:59  Refinery x2  
  70  12:02  Missile Turret  
  70  12:07  Missile Turret, SCV, Battlecruiser  
  70  12:08  SCV  
  78  12:11  SCV  
  78  12:14  Supply Depot  
  79  12:17  Supply Depot  
  79  12:19  SCV  
  79  12:20  SCV  
  81  12:28  Planetary Fortress  
  81  12:32  SCV  
  81  12:33  Missile Turret  
  82  12:56  SCV  
  83  13:12  Battlecruiser x2  
  95  13:13  SCV  
  95  13:19  Supply Depot  
  96  13:21  Supply Depot  
  96  13:24  Supply Depot  
  96  13:26  SCV  
  97  13:29  SCV  
  97  13:31  Marine  
  99  13:38  SCV  
  100  13:41  SCV  
  101  13:49  Marine  
  101  13:50  SCV  
  101  13:53  SCV  
  101  13:54  Supply Depot  
  104  13:57  Supply Depot  
  105  14:02  SCV  
  105  14:05  SCV  
  105  14:07  Marine  
  105  14:08  Missile Turret  
  107  14:15  SCV  
  107  14:16  Terran Ship Weapons Level 3  
  108  14:17  SCV  
  108  14:18  Supply Depot  
  108  14:19  Supply Depot, Battlecruiser x2  
  121  14:27  SCV  
  122  14:32  Marine  
  123  14:39  SCV  
  123  14:40  Supply Depot  
  123  14:43  Supply Depot  
  124  14:50  Command Center  
  124  15:04  Supply Depot  
  124  15:06  Supply Depot  
  124  15:23  Battlecruiser x2  
  130  15:40  Missile Turret  
  130  15:41  Missile Turret  
  130  15:50  Missile Turret  
  130  15:52  Missile Turret  
  130  15:53  Missile Turret x3  
  130  15:57  Factory Reactor  
  130  16:00  SCV  
  130  16:01  Starport  
  131  16:22  Barracks Reactor  
  126  16:55  SCV  
  126  16:58  Missile Turret  
  126  16:59  Missile Turret  
  126  17:07  SCV  
  124  17:19  SCV  
  98  17:31  SCV  
  99  17:43  SCV  
  100  17:51  Battlecruiser x3  
  112  17:54  Widow Mine x2  
  112  17:55  SCV  
  123  18:07  SCV  
  123  18:09  Missile Turret  
  123  18:10  Missile Turret  
  118  18:13  Missile Turret  
  118  18:15  Widow Mine  
  118  18:16  Widow Mine  
  118  18:17  Marine x2  
  124  18:35  Marine x2  
  124  18:37  Widow Mine x2  
  130  18:53  Marine x2  
  130  18:55  Battlecruiser x3  
  144  18:58  Widow Mine x2  
  154  19:10  Marine  
  154  19:11  Marine  
  129  19:55  SCV  
  129  19:58  Marine x2  
  133  20:07  SCV  
  133  20:12  Battlecruiser x3  
  151  20:16  Marine x2  
  150  20:34  Marine x2  
  152  20:52  Marine  
  111  21:12  Missile Turret  
  96  21:37  Marine x2  
  98  21:46  Missile Turret  
  98  21:47  Missile Turret x2  
  98  21:55  Marine x2  
  98  21:56  Missile Turret  
  98  21:58  Missile Turret  
  100  22:01  Battlecruiser  
  106  22:11  Refinery  
  106  22:12  Marine x2  
  106  22:13  Planetary Fortress  
  108  22:15  Refinery  
  108  22:30  Marine x2  
  110  22:52  SCV  
  111  23:04  SCV  
  112  23:08  Command Center  
  112  23:16  SCV  
  108  23:28  SCV  
  89  23:40  SCV  
  56  24:09  SCV  
  57  24:21  SCV  
  37  24:42  Battlecruiser x3  
  55  24:49  Command Center  
  47  25:53  Planetary Fortress  
  47  25:58  Missile Turret x2  
  47  26:15  Widow Mine x2  
  51  26:28  Missile Turret  
  51  26:31  Missile Turret  
  51  26:49  SCV  
Tags
 
Matchup
TvZ
Replay Pack
Myownreplay2
Spawn Locations
Cross Positions
Add a new tag
Caveats
  • Supply blocks, unpowered buildings, or Contaminate may cause inaccurate times.
  • Supply counts are checked every 10 seconds.